 Dungeon Crawl Stone Soup version 0.30.1-11-g7821555f0a (webtiles) character file.

Game seed: 10469157770318214381

6 Nonny the Trooper (level 1, 0/19 HPs)
             Began as a Ghoul Cinder Acolyte on Nov 11, 2023.
             Was a High Priest of Ignis.
             Slain by a jackal (2 damage)
             ... on level 1 of the Dungeon.
             The game lasted 00:01:26 (39 turns).

Nonny the Trooper (Ghoul Cinder Acolyte)              Turns: 39, Time: 00:01:27

Health: 0/19       AC:  2    Str: 17    XL:     1   Next: 90%
Magic:  1/1        EV: 11    Int:  9    God:    Ignis [*****.]
Gold:   0          SH:  0    Dex:  4    Spells: 2/2 levels left

rFire   + .          .
                       - Unarmed
rCold   + . .        (no shield)
rNeg    + + +        a - +0 robe
rPois   ∞            (no helmet)
rElec   .            (no cloak)
rCorr   .            (no gloves)
SInv    .            (no boots)
Will    .....        (no amulet)
Stlth   +            (no ring)
HPRegen 0.00/turn    (no ring)
MPRegen 0.07/turn

%: no passive effects
@: inhibited regen
A: claws 1, cold resistance 1, negative energy resistance 3, inhibited
regeneration, torment resistance 2, devour on kill
a: Renounce Religion, Fiery Armour, Foxfire Swarm, Rising Flame


You were on level 1 of the Dungeon.
You worshipped Ignis.
Ignis was extremely pleased with you.
You visited 1 branch of the dungeon, and saw 1 of its levels.

Inventory:

Armour
 a - a +0 robe (worn)
Scrolls
 b - a scroll of fog {unknown}


   Skills:
 + Level 3.4 Fighting
 * Level 0.6 Stealth
 + Level 3.4 Unarmed Combat
 - Level 1.0 Spellcasting
 - Level 2.4 Fire Magic


You had 2 spell levels left.
You didn't know any spells.
Your spell library contained the following spells:

 Spells                   Type           Power      Damage    Failure   Level
 Scorch                   Fire           8%         2d5       22%         2


Dungeon Overview and Level Annotations

Branches:
Dungeon (1/15)

Altars:


Innate Abilities, Weirdness & Mutations

You are immune to poison.
You have sharp fingernails.
Your flesh is cold resistant. (rC+)
You are immune to negative energy. (rN+++)
You do not regenerate when monsters are visible.
You are immune to unholy pain and torment.
You thrive by killing the living.


Message History

The ball python attacks as you move away!
The ball python bites you. The ball python barely misses you.
You enter the shallow water.
Moving in this stuff is going to be slow.
The hobgoblin hits the plant.
The plant begins to die.
The hobgoblin hits the plant.
The ball python barely misses you. The ball python closely misses you.
The hobgoblin hits the plant.
The hobgoblin hits the plant.
The jackal bites you. The ball python bites you.
The ball python closely misses you.
A nearby plant withers and dies.
The jackal bites you. The jackal closely misses you.
The ball python misses you. The ball python grabs you.
The ball python constricts you.
You claw the ball python!
You kill the ball python!
You feel better. The jackal bites you.
You claw the jackal!
You kill the jackal!
You barely miss the jackal.
The jackal completely misses the plant.
You closely miss the jackal. Your claw misses the jackal.
The jackal splashes around in the water.
The jackal bites the plant.
The plant begins to die.
The jackal bites the plant.
The jackal bites you.
You claw the jackal!
You kill the jackal!
You feel better. The goblin hits you with a +0 club.
You closely miss the goblin. The goblin barely misses you.
You scratch the goblin.
The goblin is severely wounded.
The jackal closely misses you. The jackal barely misses you.
The goblin barely misses you.
You scratch the goblin but do no damage.
The goblin is severely wounded.
The jackal closely misses you.
The jackal splashes around in the water.
The goblin hits you with a +0 club.
* * * LOW HITPOINT WARNING * * *
You scratch the goblin.
You kill the goblin!
A nearby plant withers and dies.
The jackal bites you.
You die...

...........# #(.. .#..###
...........###.######........
.............................
.............................
######..#..~≈~≈~~~≈P...P~≈~~~
......#.~~≈~~~~~≈~...~~≈~~~
.......#.~~≈~~~~≈≈~...~~≈~~~
..........ghh≈~~~~.....~~~~~
...........)@.......<.......
.......#.P≈~~~~~~~.....≈~~≈~
.......#.~≈~~~~~≈~~...~≈~~~~
......#.~≈≈~~~~≈~~...≈~~~~~
..... #.P~~~~~~~~P...P~~~~~
..... #....................
###. ......................
#######.#######......>


You could see 2 jackals and a hobgoblin.

Vanquished Creatures
  An endoplasm (D:1)
  A goblin (D:1)
  2 jackals (D:1)
  2 ball pythons (D:1)
6 creatures vanquished.

Notes
Turn   | Place    | Note
-------+----------+-------------------------------------------
     0 | D:1      | Nonny the Ghoul Cinder Acolyte began the quest for the Orb.
     0 | D:1      | Reached XP level 1. HP: 19/19 MP: 1/1
    39 | D:1      | Slain by a jackal

Illustrated notes

Levels and vault maps discovered:
D:1:      giann_bridges, layout_rooms

Action                     || total
---------------------------++-------
  Melee: Unarmed           ||    14
 Armour: Robe              ||     4
  Dodge: Dodged            ||    12
